 Dungeon Crawl Stone Soup version 0.17.1-2-g5865329 (webtiles) character file.

25 CcS the Slasher (level 3, 0/29 HPs)
             Began as a Formicid Abyssal Knight on Jan 29, 2016.
             Was a Follower of Lugonu.
             Succumbed to an adder's poison
             ... on level 4 of the Dungeon.
             The game lasted 00:02:21 (1069 turns).

CcS the Slasher (Formicid Abyssal Knight)           Turns: 1069, Time: 00:02:21

Health: 0/29       AC:  3    Str: 17    XL:     3   Next: 17%
Magic:  4/4        EV: 11    Int: 11    God:    Lugonu [*.....]
Gold:   41         SH:  0    Dex: 10    Spells: 0 memorised, 2 levels left

rFire  + . .     SeeInvis +     a - +1 falchion
rCold  + . .     Clarity  .     b - +0 leather armour
rNeg   . . .     SustAt   .     (no shield)
rPois  +         Gourm    .     (helmet unavailable)
rElec  +         Spirit   .     (no cloak)
rCorr  +         Warding  .     (no gloves)
rMut   .         Stasis   +     (no boots)
MR     .....                    (no amulet)
Stlth  +.........               (no ring)
                                (no ring)

@: lethally poisoned (0 -> -4), resistant, very slightly contaminated,
invisible, not resistant to hostile enchantments, very unstealthy
A: permanent stasis, dig shafts and tunnels, four strong arms, antennae 3
a: Dig, Shaft Self, Depart the Abyss, Renounce Religion


You were on level 4 of the Dungeon.
You worshipped Lugonu.
Lugonu was aware of your devotion.
You were very hungry.

You visited 1 branch of the dungeon, and saw 3 of its levels.
You visited the Abyss 1 time.

You collected 41 gold pieces.

Inventory:

Hand Weapons
 a - a +1 falchion (weapon)
Armour
 b - a +0 leather armour (worn)
Jewellery
 g - an uncursed ring of positive energy {unknown}
   (You found it on level 1 of the Dungeon)
Scrolls
 e - a scroll of magic mapping {unknown}
 f - a scroll of remove curse {unknown}
 h - a scroll of identify {unknown}
Comestibles
 c - 3 bread rations {@e1}
 j - a meat ration {@e2}


   Skills:
 - Level 3.2 Fighting
 + Level 3.4 Long Blades
 - Level 2.1 Armour
 - Level 0.8 Dodging
 - Level 2.1 Invocations


You had 2 spell levels left.
You didn't know any spells.

Dungeon Overview and Level Annotations

Branches:
Dungeon (4/15)
 Temple: D:4-7

Altars:


Innate Abilities, Weirdness & Mutations

You are under a permanent stasis effect.
You can dig through walls and to a lower floor.
Your four strong arms can wield two-handed weapons with a shield.
You have a pair of large antennae on your head (SInv).


Message History

You kill the ball python!
Lugonu accepts your kill.
No target in view!
No target in view!
No target in view!
Found an escape hatch in the floor.
Health restored: 29 You sense a monster nearby.
An adder comes into view.
The adder bites you.
You take 2 damage, and have 27/29 hp.
You closely miss the adder. The adder barely misses you.
You barely miss the adder. The adder barely misses you. The adder bites you.
You take 3 damage, and have 24/29 hp.
You miss the adder. The adder misses you.
You closely miss the adder. The adder bites you but does no damage.
The adder bites you.
You are poisoned.
The adder poisons you!
You take 3 damage, and have 21/29 hp.
You barely miss the adder.
You feel sick. The adder closely misses you.
You take 1 damage, and have 20/29 hp.
You hit the adder. The adder completely misses you.
The adder closely misses you.
You closely miss the adder.
You feel sick. The adder bites you.
You are more poisoned.
The adder poisons you!
You take 4 damage, and have 16/29 hp.
Drink which item? (? for menu, Esc to quit)
Okay, then.
Drink which item? (? for menu, Esc to quit)
It was a potion of invisibility.
You fade into invisibility!
You feel sick. The adder bites you.
You are very lightly contaminated with residual magic.
You take 4 damage, and have 12/29 hp.
Unknown command.
The adder barely misses you.
You hit the adder but do no damage.
You feel sick. The adder bites you but does no damage.
You take 1 damage, and have 12/29 hp.
Unknown command.
You closely miss the adder.
You feel sick. The adder closely misses you. The adder barely misses you.
You take 1 damage, and have 11/29 hp.
Unknown command.
You miss the adder. The adder bites you.
You are lethally poisoned!
The adder poisons you!
You take 2 damage, and have 9/29 hp.
You hit the adder.
* * * LOW HITPOINT WARNING * * *
You feel sick. The adder bites you but does no damage.
The adder barely misses you.
You take 1 damage, and have 8/29 hp.
Unknown command.
Drink which item? (? for menu, Esc to quit)
It was a potion of resistance.
You feel protected.
* * * LOW HITPOINT WARNING * * *
You feel sick. The adder closely misses you.
You take 1 damage, and have 7/29 hp.
* * * LOW HITPOINT WARNING * * *
You feel sick.
You take 1 damage, and have 6/29 hp.
Are you sure you want to shaft yourself?
There is a lethal amount of poison in your body!
Unknown command.
Unknown command.
Are you sure you want to shaft yourself?
You are feeling very hungry.
The adder closely misses you.
You begin to dig a shaft.
You continue digging a shaft.
* * * LOW HITPOINT WARNING * * *
You feel sick. The adder closely misses you. The adder bites you.
* * * LOW HITPOINT WARNING * * *
A shaft appears beneath you!
You fall through a shaft for 2 floors!
The shaft crumbles and collapses.
You take 3 damage, and have 3/29 hp.
Unknown command.
Unknown command.
* * * LOW HITPOINT WARNING * * *
You feel sick.
You take 1 damage, and have 2/29 hp.
Unknown command.
Unknown command.
* * * LOW HITPOINT WARNING * * *
You feel sick.
You see here 7 gold pieces.
You take 1 damage, and have 2/29 hp.
Unknown command.
Unknown command.
* * * LOW HITPOINT WARNING * * *
You feel sick.
You take 1 damage, and have 1/29 hp.
Unknown command.
Unknown command.
Unknown command.
You die...

#########
#############........
.......@....$........
#########.##.........
#.###........ ..#
#........ ....
#........ .....
#........
.......#........
####...##........
#........


There were no monsters in sight!

Vanquished Creatures
  A ball python (D:2)
  A giant cockroach (D:1)
  6 goblins
  2 hobgoblins (D:1)
  A jackal (D:1)
  3 kobolds
  4 bats
  3 giant newts
  A rat (D:1)
22 creatures vanquished.

Notes
Turn   | Place    | Note
--------------------------------------------------------------
     0 | Abyss:1  | CcS the Formicid Abyssal Knight began the quest for the Orb.
     0 | Abyss:1  | Reached XP level 1. HP: 18/18 MP: 2/2
    39 | Abyss:1  | Noticed an ancient zyme
    51 | Abyss:1  | Noticed a jelly
    56 | D:1      | Escaped the Abyss
   156 | D:1      | Reached * piety under Lugonu
   264 | D:1      | Reached XP level 2. HP: 22/24 MP: 3/3
   411 | D:1      | Reached skill level 3 in Long Blades
   866 | D:2      | Reached XP level 3. HP: 27/29 MP: 4/4
  1057 | D:2      | HP: 7/29 [poisoned by an adder]
  1060 | D:2      | HP: 3/29 [adder (2)]
  1061 | D:2      | You fall through a shaft for 2 floors!
  1066 | D:4      | HP: 1/29 [poisoned by an adder]
  1069 | D:4      | Succumbed to an adder's poison

Action                   || total
-------------------------++-------
Melee: Falchion          ||    77
Invok: Depart the Abyss  ||     1
 Abil: Dig               ||     2
       Shaft Self        ||     1
  Use: Potion            ||     2

Vault maps used:
D:1:      shiori_arrival_maze
D:2:      wad_crossroads, nicolae_ru_awakened_eye, st_stairs_6
D:4:      kennysheep_little_box, lemuel_doored_altar,
          gammafunk_temple_overflow_elements, serial_shops, nicolae_shop_trees

Table legend:
 A = Turns spent in this place as a percentage of turns spent in the entire game.
 B = Non-inter-level travel turns spent in this place as a percentage of non-inter-level travel turns spent in the entire game.
 C = Inter-level travel turns spent in this place as a percentage of turns spent in this place.
 D = Turns resting spent in this place as a percentage of non-inter-level travel turns spent in this place.
 E = Turns spent auto-exploring this place as a percentage of non-inter-level travel turns spent in this place.
 F = Non-inter-level travel turns spent in this place divided by the number of levels of this place that you've seen.
                   A       B       C       D       E      F
               +-------+-------+-------+-------+-------+----------------------
         Total | 100.0 | 100.0 |   0.2 |   2.4 |   9.4 | 104.2
       Dungeon |  86.1 |  86.1 |   0.3 |   2.8 |  10.9 | 119.7
         Abyss |  13.9 |  13.9 |   0.0 |   0.0 |   0.0 |  58.0
               +-------+-------+-------+-------+-------+----------------------

Table legend:
 A = Kills in this place as a percentage of kills in entire the game.
 B = Kills by you in this place as a percentage of kills by you in the entire game.
 C = Kills by friends in this place as a percentage of kills by friends in the entire game.
 D = Other kills in this place as a percentage of other kills in the entire game.
 E = Experience gained in this place as a percentage of experience gained in the entire game.
 F = Experience gained in this place divided by the number of levels of this place that you have seen.
                   A       B       C       D       E      F
               +-------+-------+-------+-------+-------+----------------------
         Total | 100.0 | 100.0 |  -nan |  -nan | 100.0 |   9.0
       Dungeon | 100.0 | 100.0 |  -nan |  -nan | 100.0 |  12.0
               +-------+-------+-------+-------+-------+----------------------
